General information
- name: BNet
- type: Ladder 1vs1/FFA
- host: Battle.net
- saver: VELOX_NEB
map: Moonglade
- players: 2
- length: 45:50
- speed: Fast
- version: 1.21 W3XP
- replay type: Public
» download(131 KB)
Players
team 1 (winner)
VELOX_NEB (
yellow | 73 APM | 3343 actions | 45:50)
4 Blademaster
2 Wind Walk
2 Critical Strike
4 Tauren Chieftain
2 War Stomp
2 Endurance Aura
3 Shadow Hunter
2 Hex
1 Serpent Ward
» actions
| Assign group hotkey | 65 | |
| Basic commands | 234 | |
| Build / train | 98 | |
| ESC pressed | 5 | |
| Enter build submenu | 24 | |
| Enter hero's abilities submenu | 11 | |
| Give item / drop item | 2 | |
| Remove unit from queue | 1 | |
| Right click | 1586 | |
| Select / deselect | 724 | |
| Select group hotkey | 322 | |
| Use ability | 271 | |
3343 total
» units
| Peon | 20 | |
| Grunt | 9 | |
| Raider | 4 | |
| Troll Witch Doctor | 5 | |
| Spirit Walker | 2 | |
| Wind Rider | 3 | |
| Troll Batrider | 7 | |
| Demolisher | 2 | |
| Troll Headhunter/Berserker | 3 | |
55 total
» upgrades
| Ensnare | 1 | |
| Witch Doctor Training | 2 | |
| Spirit Walker Training | 1 | |
| Berserker Strength | 1 | |
5 total
» buildings
| Altar of Storms | 1 | |
| Orc Burrow | 7 | |
| Barracks | 3 | |
| Voodoo Lounge | 1 | |
| Stronghold | 1 | |
| Beastiary | 1 | |
| Spirit Lodge | 2 | |
| Fortress | 1 | |
| Great Hall | 5 | |
| War Mill | 1 | |
23 total
» build order
00:07 Altar of Storms
00:23 Orc Burrow
00:36 Barracks
01:37 Orc Burrow
01:59 Voodoo Lounge
03:13 Stronghold
05:58 Beastiary
06:01 Spirit Lodge
06:09 Orc Burrow
06:11 Spirit Lodge
08:28 Orc Burrow
12:13 Fortress
14:08 Orc Burrow
14:51 Great Hall
18:56 War Mill
20:29 Orc Burrow
22:14 Barracks
22:17 Barracks
23:52 Great Hall
24:05 Orc Burrow
24:47 Great Hall
26:52 Great Hall
42:09 Great Hall
» items
| Healing Salve | 7 | |
| Lesser Clarity Potion | 4 | |
| Potion of Healing | 4 | |
| Potion of Mana | 2 | |
| Scroll of Speed | 2 | |
| Orb of Lightning | 1 | |
20 total
team 2 (loser)
alexnado (
blue | 44 APM | 1998 actions | 45:48)
6 Blademaster
3 Wind Walk
2 Critical Strike
1 Bladestorm
2 Far Seer
1 Feral Spirit
1 Chain Lighting
» actions
| Assign group hotkey | 31 | |
| Basic commands | 4 | |
| Build / train | 114 | |
| ESC pressed | 1 | |
| Enter build submenu | 18 | |
| Enter hero's abilities submenu | 8 | |
| Give item / drop item | 1 | |
| Right click | 813 | |
| Select / deselect | 558 | |
| Select group hotkey | 270 | |
| Use ability | 180 | |
1998 total
» units
| Peon | 22 | |
| Grunt | 10 | |
| Troll Witch Doctor | 6 | |
| Raider | 2 | |
| Troll Batrider | 20 | |
| Demolisher | 7 | |
67 total
» upgrades
| Pillage | 1 | |
| Melee Weapons | 1 | |
| Spiked Barricades | 2 | |
| Armor | 1 | |
| Berserker Strength | 1 | |
| Ensnare | 1 | |
| Witch Doctor Training | 1 | |
| Ranged Weapons | 1 | |
| Liquid Fire | 1 | |
| Burning Oil | 1 | |
11 total
» buildings
| Barracks | 1 | |
| Altar of Storms | 1 | |
| Orc Burrow | 6 | |
| War Mill | 1 | |
| Voodoo Lounge | 1 | |
| Stronghold | 1 | |
| Watch Tower | 4 | |
| Great Hall | 1 | |
| Beastiary | 2 | |
| Spirit Lodge | 1 | |
| Fortress | 1 | |
20 total
» build order
00:15 Barracks
00:21 Altar of Storms
00:27 Orc Burrow
01:40 Orc Burrow
02:05 War Mill
02:21 Voodoo Lounge
04:57 Stronghold
05:14 Orc Burrow
07:33 Watch Tower
08:09 Great Hall
09:58 Beastiary
10:06 Beastiary
10:38 Spirit Lodge
13:21 Orc Burrow
15:02 Orc Burrow
16:49 Watch Tower
17:37 Watch Tower
18:03 Fortress
18:45 Orc Burrow
29:12 Watch Tower
» items
| Healing Salve | 5 | |
| Lesser Clarity Potion | 9 | |
| Potion of Healing | 5 | |
| Tiny Great Hall | 3 | |
| Orb of Lightning | 1 | |
| Potion of Mana | 1 | |
24 total
Chat log
(21:41 / All) VELOX_NEB: TY
(23:43 / All) VELOX_NEB: LEAVE